 Dungeon Crawl Stone Soup version 0.23-a0-488-g5fd82c5 (webtiles) character file.

4 MalarOregon the Insei (level 1, -1/15 HPs)
             Began as a Merfolk Transmuter on Dec 2, 2018.
             Slain by an ooze (3 damage)
             ... on level 1 of the Dungeon.
             The game lasted 00:00:32 (398 turns).

MalarOregon the Insei (Merfolk Transmuter)           Turns: 398, Time: 00:00:32

Health: -1/15      AC:  2    Str: 10    XL:     1   Next: 70%
Magic:  3/3        EV: 13    Int: 12    God:
Gold:   45         SH:  0    Dex: 14    Spells: 3/4 levels left

rFire    . . .     SeeInvis .     - Unarmed
rCold    . . .     Gourm    .   (no shield)
rNeg     . . .     Faith    .   b - +0 robe
rPois    .         Spirit   .   (no helmet)
rElec    .         Reflect  .   (no cloak)
rCorr    .         Harm     .   (no gloves)
MR       .....                  (no boots)
Stlth    +.........             (no amulet)
HPRegen  0.05/turn              (no ring)
MPRegen  0.08/turn              (no ring)

@: appendage (expiring)
A: change form in water, swift swim, stealthy swim, horns 2
a: End Transformation


You were on level 1 of the Dungeon.
You were not hungry.
You had grown temporary horns.
You visited 1 branch of the dungeon, and saw 1 of its levels.

You collected 45 gold pieces.

Inventory:

Missiles
 a - 30 arrows
Armour
 b - a +0 robe (worn)
Scrolls
 c - a scroll of remove curse {unknown}
 d - a scroll of enchant armour {unknown}
Comestibles
 e - a ration {!d}


   Skills:
 * Level 1.3 Fighting
 * Level 2.8 Dodging
 + Level 3.3 Unarmed Combat
 + Level 2.0 Spellcasting
 * Level 2.9 Transmutations


You had 3 spell levels left.
You knew the following spells:

 Your Spells              Type           Power        Failure   Level  Hunger
a - Beastly Appendage     Tmut           #.....       9%          1    ##.....

Your spell library contained the following spells:

 Spells                   Type           Power        Failure   Level  Hunger
 Sticks to Snakes         Tmut           #.......     12%         2    ###....
 Spider Form              Tmut/Pois      #.........   41%         3    ####...
 Ice Form                 Ice/Tmut       #.......     83%         4    #####..
 Blade Hands              Tmut           #.........   92%         5    ######.


Dungeon Overview and Level Annotations

Branches:
Dungeon (1/15)

Altars:


Innate Abilities, Weirdness & Mutations

You revert to your normal form in water.
You are very nimble and swift while swimming.
You are very stealthy in the water. (Stealth+)
You have a pair of horns on your head.


Message History

You barely miss the hobgoblin. The hobgoblin hits you with a +0 club!
* * * LOW HITPOINT WARNING * * *
You grow a pair of large bovine horns.
You hit the hobgoblin.
You kill the hobgoblin!
You see here a +0 club.
You start resting.
Your transformation is almost over.
You start resting.
Your horns disappear.
You start resting.
A goblin comes into view. It is wielding a +0 club.
The goblin shouts!
A goblin is nearby!
You grow a pair of large bovine horns.
You closely miss the goblin. Your headbutt misses the goblin.
The goblin hits you with a +0 club.
You hit the goblin.
You kill the goblin!
No target in view!
No target in view!
You see here a +0 club.
Your transformation is almost over.
Your horns disappear.
Found a scroll labeled WEUV MIENELL.
All of the chunks of flesh in your inventory have rotted away.
d - a scroll labeled WEUV MIENELL
Found 6 gold pieces.
You now have 45 gold pieces (gained 6).
An ooze comes into view.
Found a dark potion.
An ooze is nearby!
You grow a pair of large bovine horns.
The ooze quivers.
A goblin comes into view.
The goblin shouts!
The ooze hits you.
You hit the ooze but do no damage. The ooze hits you.
* * * LOW HITPOINT WARNING * * *
The goblin barely misses you.
You hit the ooze. The ooze barely misses you. The goblin hits you.
* * * LOW HITPOINT WARNING * * *
The goblin hits you.
* * * LOW HITPOINT WARNING * * *
The ooze closely misses you. The goblin hits you but does no damage.
Your transformation is almost over.
Unknown command.
The ooze hits you.
You die...

#####
################....
#.J@.............# #
#g##########.#.#.#
#.# ### #.#.#.###
######g#...#
#.#.#....
#...!..#...#
#.#.###.#
#.##.......### #.#.#
#.. #..........
#.#.. #..
#..........
#........
#.......... ..##.##.


You could see an ooze and a goblin.

Vanquished Creatures
  A giant cockroach (D:1)
  2 hobgoblins (D:1)
  A goblin (D:1)
4 creatures vanquished.

Notes
Turn   | Place    | Note
-------+----------+-------------------------------------------
     0 | D:1      | MalarOregon the Merfolk Transmuter began the quest for the
                  | Orb.
     0 | D:1      | Reached XP level 1. HP: 15/15 MP: 3/3
   398 | D:1      | Slain by an ooze

Vault maps used:
D:1:      tarquinn_simple_flora_water_f

Action                   || total
-------------------------++-------
Melee: Unarmed           ||    22
 Cast: Beastly Appendage ||     4
 Stab: Sleeping          ||     2
Armor: Robe              ||     4
Dodge: Dodged            ||    11

Table legend:
 A = Non-vault XP
 B = Vault XP
 C = Vault XP percentage of total XP
 D = Non-vault monster count
 E = Vault monster count
 F = Vault count percentage of total count
                 A         B        C        D         E       F
            +---------+---------+-------+---------+---------+-------
      Total |       7 |       0 |   0.0 |       4 |       0 |   0.0
            +---------+---------+-------+---------+---------+-------
        D:1 |       7 |       0 |   0.0 |       4 |       0 |   0.0
            +---------+---------+-------+---------+---------+-------
